 Dungeon Crawl Stone Soup version 0.28-a0-1506-g3893175d92 (webtiles) character file.

Game seed: 14493927469562452070

849 Lekart the Skirmisher (level 7, -1/61 HPs)
             Began as a Purple Draconian Abyssal Knight on Jan 14, 2022.
             Was a Follower of Lugonu.
             Succumbed to a killer bee's poison
             ... on level 5 of the Dungeon.
             The game lasted 00:08:59 (6773 turns).

Lekart the Skirmisher (DrAK)                        Turns: 6773, Time: 00:09:00

Health: -1/61      AC:  6    Str: 14 (15) XL:     7   Next: 69%
Magic:  10/10      EV: 13    Int:  9 (11) God:    Lugonu [*.....]
Gold:   122        SH:  0    Dex: 14 (15) Spells: 6/6 levels left

rFire   . . .      SeeInvis .   m - +0 spear (flame)
rCold   + . .      Faith    .   (no shield)
rNeg    . . .      Spirit   .   (armour unavailable)
rPois   .          Reflect  .   (helmet restricted)
rElec   .          Harm     .   (no cloak)
rCorr   .          Rampage  .   (no gloves)
Will    +....                   (no boots)
Stlth   +.........              (no amulet)
HPRegen 0.20/turn               (no ring)
MPRegen 0.12/turn               (no ring)

@: lethally poisoned (-1 -> -12), attractive, flying, hasted, very quick
A: breathe power, AC +6, unfitting armour, cold-blooded, horns 1, agile 1, cold
resistance 1
a: Breathe Dispelling Energy, Renounce Religion, Depart the Abyss


You were on level 5 of the Dungeon.
You worshipped Lugonu.
Lugonu was aware of your devotion.
You visited 1 branch of the dungeon, and saw 5 of its levels.
You visited the Abyss 1 time.

You collected 152 gold pieces.
You spent 30 gold pieces at shops.

Inventory:

Hand Weapons
 a - a +1 falchion
 m - a +0 spear of flaming (weapon)
Wands
 i - a wand of iceblast (7)
Scrolls
 b - a scroll of enchant armour {unknown}
 c - 5 scrolls of identify
 d - a scroll of enchant weapon {unknown}
 f - a scroll of fear {unknown}
 g - 2 scrolls of teleportation
 n - a scroll of immolation {unknown}
 p - a scroll of silence {unknown}
 r - a scroll of torment {unknown}
Potions
 o - a potion of degeneration


   Skills:
 + Level 5.3 Fighting
 + Level 5.0 Long Blades
 + Level 3.4 Polearms
 + Level 3.7 Dodging
 * Level 4.5 Invocations


You had 6 spell levels left.
You didn't know any spells.
Your spell library was empty.

Dungeon Overview and Level Annotations

Branches:
Dungeon (5/15)             Temple (0/1) D:4

Altars:
Okawaru

Shops:
D:2 ((*

Annotations:
D:1 exclusion: downstairs
D:3 2 transporters, bezhaha's ghost, amateur DjFE


Innate Abilities, Weirdness & Mutations

You can breathe bolts of dispelling energy.
Your rich purple scales are hard. (AC +6)
You cannot fit into any form of body armour.
You are cold-blooded and may be slowed by cold attacks.
You have a pair of small horns on your head.
You are agile. (Dex +2)
Your flesh is cold resistant. (rC+)


Message History

* * * LOW HITPOINT WARNING * * *
You feel sick. The killer bee stings you.
* * * LOW HITPOINT WARNING * * *
The killer bee barely misses you.
It was a potion of ambrosia.
You are confused.
You feel invigorated.
You feel sick. The killer bee stings you.
* * * LOW HITPOINT WARNING * * *
You are more poisoned.
The killer bee poisons you! The killer bee misses you.
It was a potion of magic.
Magic courses through your body.
* * * LOW HITPOINT WARNING * * *
You feel very sick.
The killer bee stings you but does no damage.
The killer bee barely misses you.
It was a potion of degeneration.
There was something very wrong with that liquid.
You feel weakened.
You feel dopey.
You feel clumsy.
* * * LOW HITPOINT WARNING * * *
You feel very sick.
The killer bee stings you but does no damage.
The killer bee stings you.
* * * LOW HITPOINT WARNING * * *
You are more poisoned.
The killer bee poisons you!
It was a potion of haste.
You feel yourself speed up.
* * * LOW HITPOINT WARNING * * *
You feel very sick. The killer bee closely misses you. x2
* * * LOW HITPOINT WARNING * * *
You feel sick.
You completely miss the killer bee. Your headbutt misses the killer bee.
Your punch misses the killer bee.
You feel less invigorated.
You feel less confused.
* * * LOW HITPOINT WARNING * * *
You feel sick. The killer bee misses you. The killer bee stings you.
* * * LOW HITPOINT WARNING * * *
You hit the killer bee. You burn the killer bee. You tail-slap the killer bee.
The killer bee is heavily wounded.
You die...

........(.........#
..................#
..................####
......................
......................
......................
...............y......
............#'###+##############
............#.†y@.#............#
............#.###.#............#
............#.....#.......# ###
............+.._..'...##..##...#
............#.....######.......#
............#.###.# #<......#
............#.. ..# #..##...#
............#+###+# #..# ...#
..................# #..# ..#


You could see a killer bee.

Vanquished Creatures
  A black bear (D:5)
  A sky beast (D:5)
  A centaur (D:5)
  A scorpion (D:4)
  2 killer bees (D:5)
  A centaur skeleton (D:4)
  2 orc priests
  A gnoll shaman (D:3)
  A hound skeleton (D:4)
  8 gnolls
  5 adders
  An adder skeleton (D:4)
  A dart slug (D:4)
  7 orcs
  4 ball pythons
  5 bats
  7 endoplasms
  2 giant cockroaches (D:1)
  2 hobgoblins
  2 jackals (D:2)
  6 quokkas
  A frilled lizard (D:2)
  6 goblins
  7 kobolds
  7 rats
82 creatures vanquished.

Vanquished Creatures (collateral kills)
  Menkaure (D:4)
1 creature vanquished.

Vanquished Creatures (others)
  7 plants (D:1)
7 creatures vanquished.

Grand Total: 90 creatures vanquished

Notes
Turn   | Place    | Note
-------+----------+-------------------------------------------
     0 | Abyss:1  | Lekart the Draconian Abyssal Knight began the quest for the
                  | Orb.
     0 | Abyss:1  | Reached XP level 1. HP: 19/19 MP: 2/2
    67 | Abyss:1  | Noticed an orange demon
    95 | Abyss:1  | Noticed a great orb of eyes
   103 | D:1      | Escaped the Abyss
   527 | D:1      | Reached * piety under Lugonu
   873 | D:1      | Reached XP level 2. HP: 27/27 MP: 3/3
  1525 | D:2      | Found a faded altar of an unknown god.
  1531 | D:2      | Found Puocuid's Antique Weapon Emporium.
  1862 | D:2      | Found Anteidar's General Store.
  1871 | D:2      | Bought a scroll of teleportation for 30 gold pieces
  1876 | D:2      | Found Sehukkots's Weapon Emporium.
  2079 | D:2      | Reached XP level 3. HP: 28/33 MP: 4/4
  2840 | D:2      | Reached XP level 4. HP: 25/40 MP: 5/5
  3215 | D:3      | Noticed bezhaha's ghost (amateur DjFE)
  3216 | D:3      | Found a transporter.
  3216 | D:3      | Identified the +8 dire flail "Qoeniap" {venom, *Corrode rC+
                  | Str+5}
  3216 | D:3      | Noticed an ogre
  3218 | D:3      | Found a transporter.
  3218 | D:3      | Noticed an ogre
  4045 | D:3      | Reached XP level 5. HP: 30/46 MP: 7/7
  5015 | D:4      | Reached XP level 6. HP: 35/53 MP: 8/8
  5401 | D:4      | Noticed Menkaure
  5409 | D:4      | Gained mutation: You have a pair of small horns on your
                  | head. [potion of mutation]
  5409 | D:4      | Gained mutation: You are agile. (Dex +2) [potion of
                  | mutation]
  5409 | D:4      | Gained mutation: Your flesh is cold resistant. (rC+)
                  | [potion of mutation]
  5417 | D:4      | Killed Menkaure
  5418 | D:4      | Reached skill level 1 in Polearms
  5718 | D:4      | Found a staircase to the Ecumenical Temple.
  5939 | D:5      | Entered Level 5 of the Dungeon
  5999 | D:5      | Reached skill level 5 in Fighting
  5999 | D:5      | Your scales start taking on a rich purple colour.
  5999 | D:5      | Reached XP level 7. HP: 30/61 MP: 9/9
  6740 | D:5      | Found an iron altar of Okawaru.
  6765 | D:5      | Reached skill level 5 in Long Blades
  6772 | D:5      | HP: 1/61 [killer bee (5)]
  6773 | D:5      | Succumbed to a killer bee's poison

Illustrated notes

Levels and vault maps discovered:
D:1:      lemuel_arrival_lava_pool, layout_basic, serial_bayou,
          serial_bayou_ford_a, serial_bayou_lagoon_a, serial_bayou_pond_a,
          serial_bayou_pond_d
D:2:      layout_basic, serial_shops, nicolae_shop_hallway_stairs,
          nicolae_shop_bloodbath_and_beyond, shop, nicolae_ecumenical_oubliette
D:3:      layout_basic, gammafunk_ghost_smash, corexii_hall_statues_l
D:4:      layout_cave_pools, lemuel_temple_firewalk_b, uniq_menkaure
D:5:      layout_gridville, grunt_temple_overflow_magic_moments, slow_altar_1,
          mainiacjoe_overflow_six_doors_small, lemuel_coloured_pillars_altar

Skill      XL: |  1  2  3  4  5  6  7 |
---------------+----------------------+-----
Fighting       | 4 5 |  5.3
Long Blades    | 3 4 5 |  5.0
Invocations    | 3 4 |  4.5
Dodging        | 3 |  3.7
Polearms       | 2 3 |  3.4

Action                   |  1- 3 |  4- 6 |  7- 9 || total
-------------------------+-------+-------+-------++-------
Melee: Falchion          |   109 |   107 |       ||   216
       Tailslap          |    11 |    17 |     9 ||    37
       Punch             |     1 |     2 |     1 ||     4
       Spear             |       |    70 |    34 ||   104
       Headbutt          |       |     2 |     5 ||     7
Invok: Depart the Abyss  |     1 |       |       ||     1
 Abil: Breathe Dispellin |       |       |     1 ||     1
  Use: Scroll            |     2 |     1 |       ||     3
       Potion            |       |     2 |     7 ||     9
 Stab: Sleeping          |     3 |     1 |       ||     4
Armor: Skin              |    36 |    46 |    14 ||    96
Dodge: Dodged            |    89 |   118 |    29 ||   236

Table legend: (Time is in decaauts)
 A = Elapsed time spent in this place.
 B = Non-inter-level travel time spent in this place.
 C = Inter-level travel time spent in this place.
 D = Time resting spent in this place.
 E = Time spent auto-exploring this place.
 F = Levels seen in this place.
 G = Mean time per level.
                   A        B        C        D        E       F      G
               +--------+--------+--------+--------+--------+-----+--------+
         Total |   6854 |   6658 |    196 |   1747 |   4020 |   6 | 1142.3 |
       Dungeon |   6751 |   6555 |    196 |   1747 |   3953 |   5 | 1350.2 |
         Abyss |    103 |    103 |      0 |      0 |     67 |   1 |  103.0 |
               +--------+--------+--------+--------+--------+-----+--------+

Top non-repeatable levels by time:
     D:3: 1770 daAuts
     D:4: 1694 daAuts
     D:1: 1467 daAuts
     D:2: 1263 daAuts
     D:5: 555 daAuts
 Abyss:1: 103 daAuts
